cohdb
Replays
Latest Replays
All Replays
Popular Replays
Top Player Replays
Match Explorer
How It Works
Community
CoH3 Stats
Reddit
Sign in to upload your games and track your stats! →
Sign in with Steam
Match 35534457
Unlisted
Match 35534457
Overview
Messages
Build Orders
End
Construct Barracks
Selects Airborne Battlegroup
Selects Heavy Machine Gun Paradrop
Heavy Machine Gun Paradrop
Engineer Squad
Heavy Machine Gun Paradrop
Construct Weapon Support Center
.30 cal Machine Gun
Heavy Machine Gun Paradrop
.30 cal Machine Gun
M1 Mortar Team
Air Support Center
.30 cal Machine Gun
Selects Paratrooper Squad Paradrop
Paratrooper Squad Paradrop
P-47 Dive Bomb
M3 Armored Personnel Carrier
Selects Recon Loiter
P-47 Strafing Run
Paratrooper Squad Paradrop
P-47 Dive Bomb
Construct Motor Pool
Selects Anti-tank Gun Team Paradrop
nobita113
cassiopeya
Field marshal Prince
ngf2012
Lovkach11
PLAYERCHA
0
0
Comments
sign in to comment!
No comments posted yet!